 Dungeon Crawl Stone Soup version 0.21.1-1-g345015f (webtiles) character file.

2189 tidbits the Insei (level 9, 56/60 HPs)
             Began as a Gnoll Transmuter on Feb 8, 2018.
             Quit the game on level 5 of the Dungeon.
             The game lasted 00:16:49 (1483 turns).

tidbits the Insei (Gnoll Transmuter)                Turns: 1483, Time: 00:16:49

Health: 56/60      AC:  6    Str: 13    XL:     9   Next: 33%
Magic:  18/18      EV: 16    Int: 19    God:
Gold:   26         SH:  7    Dex: 15    Spells: 6/21 levels left

rFire    . . .     SeeInvis .   b - +0 dagger
rCold    . . .     Gourm    .   D - +2 buckler
rNeg     . . .     Faith    .   B - +2 robe {MR+}
rPois    .         Spirit   .   E - +0 helmet
rElec    .         Reflect  .   (no cloak)
rCorr    .         Harm     .   p - +0 pair of gloves
MR       +++..                  (no boots)
Stlth    +++.......             (no amulet)
HPRegen  0.20/turn              (no ring)
MPRegen  0.16/turn              (no ring)

@: no status effects
A: distributed training, fangs 1, deterioration 1, frail 1, magic resistance 2,
strong nose
a: no special abilities


You were on level 5 of the Dungeon.
You were very full.

You visited 1 branch of the dungeon, and saw 7 of its levels.

You collected 158 gold pieces.
You spent 132 gold pieces at shops.

Inventory:

Hand Weapons
 b - a +0 dagger (weapon)
 e - a +1 flail of protection
   (You took it off Edmund on level 6 of the Dungeon)
 f - a +0 hunting sling
 h - a +0 short sword of draining
   (You took it off an orc on level 7 of the Dungeon)
 j - a +0 longbow
 m - a +0 short sword of venom
   (You took it off an orc on level 7 of the Dungeon)
 u - a cursed +0 morningstar
Missiles
 a - 17 arrows
 g - 13 stones (quivered)
Armour
 p - a +0 pair of gloves (worn)
 B - a +2 robe of magic resistance (worn)
   (You took it off Dowan on level 5 of the Dungeon)
 D - a +2 buckler (worn)
 E - a +0 helmet (worn)
Wands
 k - a wand of iceblast (3)
 l - a wand of random effects (20)
 n - a wand of enslavement (9)
Scrolls
 i - 4 scrolls of teleportation
 o - 2 scrolls of fog
 r - a scroll of immolation {unknown}
Potions
 q - a potion of flight
 s - a potion of lignification
 t - a potion of magic
 v - a potion of curing
 w - a potion of ambrosia
Books
 c - a book of Changes

   Spells                             Type                      Level
   a - Beastly Appendage              Transmutation                1
   b - Sticks to Snakes               Transmutation                2
   c - Spider Form                    Transmutation/Poison         3
   d - Ice Form                       Ice/Transmutation            4
   e - Blade Hands                    Transmutation                5
Comestibles
 d - 6 rations


   Skills:
 + Level 4.9 Fighting
 + Level 4.0 Short Blades
 + Level 4.0 Long Blades
 + Level 4.0 Axes
 + Level 4.0 Maces & Flails
 + Level 4.0 Polearms
 + Level 4.0 Staves
 + Level 4.0 Slings
 + Level 4.0 Bows
 + Level 4.0 Crossbows
 + Level 4.0 Throwing
 + Level 4.0 Armour
 + Level 6.2 Dodging
 + Level 4.0 Stealth
 + Level 4.0 Shields
 + Level 7.8 Unarmed Combat
 + Level 6.5 Spellcasting
 + Level 3.3 Conjurations
 + Level 3.3 Hexes
 + Level 3.3 Charms
 + Level 3.3 Summonings
 + Level 3.3 Necromancy
 + Level 3.3 Translocations
 + Level 5.1 Transmutations
 + Level 3.3 Fire Magic
 + Level 3.3 Ice Magic
 + Level 3.3 Air Magic
 + Level 3.3 Earth Magic
 + Level 3.3 Poison Magic
 + Level 4.5 Invocations
 + Level 4.0 Evocations


You had 6 spell levels left.
You knew the following spells:

 Your Spells              Type           Power        Failure   Level  Hunger
e - Beastly Appendage     Tmut           ####..       1%          1    None
h - Blade Hands           Tmut           ####......   34%         5    #####..
i - Ice Form              Ice/Tmut       ###.....     19%         4    ####...
k - Sticks to Snakes      Tmut           ####....     1%          2    None
p - Spider Form           Tmut/Pois      ###.......   5%          3    ##.....


Dungeon Overview and Level Annotations

Branches:
Dungeon (7/15)
 Temple: D:4-7

Altars:
Gozag
Wu Jian
Yredelemnul

Shops:
D:6 *


Innate Abilities, Weirdness & Mutations

Your experience applies equally to all skills.
You have very sharp teeth.
Your uncanny sense of smell can sniff out nearby items.
Your body sometimes deteriorates upon taking damage.
You are frail. (-10% HP)
You are highly resistant to hostile enchantments. (MR++)


Message History

Found a ration.
You see here a ration.
d - 6 rations (gained 1)
You swap places.
Your ball python withers and dies!
Things that are here:
a whip of flaming; a robe
There is an entrance to Riprow's General Store here.
v - a potion of curing Thank you for shopping at Riprow's General Store!
w - a potion of ambrosia Thank you for shopping at Riprow's General Store!
You see here an animal skin.
Things that are here:
a whip of flaming; a robe
Found a scroll of identify.
Unknown command.
Found 24 stones.
You see here a scroll of identify.
As you read the scroll of identify, it crumbles to dust.
s - a potion of lignification Unknown command.
There is an open door here.
You see here 16 poisoned needles.
There is a stone staircase leading up here.
You climb upwards.
There is a stone staircase leading down here.
Unknown command.
A river rat comes into view.
Found a scale mail.
A rat, a river rat and a quokka come into view.
A frilled lizard comes into view.
The frilled lizard hisses angrily.
Found 9 arrows.
A rat comes into view.
Casting: Sticks to Snakes
Confirm with . or Enter, or press ? or * to list all spells.
You turn into a venomous arachnid creature.
Your +0 dagger melds into your body.
Your +0 helmet melds into your body.
Your +0 pair of gloves melds into your body.
Your +2 buckler melds into your body.
Your +2 robe of magic resistance melds into your body.
You feel less resistant to hostile enchantments.
The rat bites you.
Unknown command.
You bite the rat!
You kill the rat!
A rat comes into view.
You bite the river rat!
You kill the river rat!
A rat comes into view.
You barely miss the river rat. The river rat completely misses you.
The frilled lizard misses you.
The rat moves out of view.
You hit the river rat.
The river rat is poisoned.
The river rat is lightly wounded.
The river rat closely misses you.
You bite the river rat!
You kill the river rat!
The frilled lizard closely misses you.
The rat twitches its whiskers.
The rat bites you.
You see here a river rat corpse.
You closely miss the frilled lizard. The frilled lizard closely misses you.
The rat completely misses you.
You hit the frilled lizard.
You kill the frilled lizard!
You completely miss the quokka. The rat bites you. The quokka bites you.
You bite the quokka!
You kill the quokka!
Your transformation is almost over.
The rat bites you.
You barely miss the rat. The rat bites you but does no damage.
You hit the rat.
You kill the rat!
The rat twitches its whiskers.
The rat completely misses you.
You bite the rat!
You kill the rat!
You bite the rat!
You kill the rat!
No target in view!
No target in view!
Things that are here:
a rat corpse; a quokka corpse
Found a leather armour.
A rat and 2 quokkas come into view.
Your transformation has ended.
Your +0 dagger unmelds from your body.
Your +0 helmet unmelds from your body.
Your +0 pair of gloves unmelds from your body.
Your +2 buckler unmelds from your body.
Your +2 robe of magic resistance unmelds from your body.
You feel resistant to hostile enchantments.
An ooze comes into view. 3 river rats come into view.
Unknown command. 2 rats and a quokka come into view.
You see here 9 arrows.
Unknown command.
a - 17 arrows (gained 9) Are you sure you want to abandon this character and quit the game? (Confirm with "yes".)

∆ #########
##....r.r#
#...rr..r##
#..r....r.# #
#..J..r..#.
#.####
.##@.......
[.#.##.#.##....#.
#.#.[##r# #.##
#...#.## #
#....## #.#.#.#
#.##†#.#
#..##.†#. ##
#.####.


You could see an ooze, 3 river rats, 3 quokkas and 3 rats.

Vanquished Creatures
  Pikel (D:6)
  Grinder (D:5)
  Menkaure (D:6)
  Edmund (D:6)
  Duvessa (D:5)
  An ice beast (D:5)
  A slave (D:6)
  A necrophage (D:6)
  A bullfrog (D:6)
  Dowan (D:5)
  2 howler monkeys (D:7)
  A hound (D:5)
  A jelly (D:5)
  Jessica (D:2)
  An orc wizard (D:7)
  A worker ant (D:4)
  2 hound skeletons (D:5)
  A worker ant zombie (D:5)
  Robin (D:2)
  4 adders
  4 gnolls (D:3)
  A howler monkey skeleton (D:7)
  2 river rats (D:5)
  2 shadow imps
  2 oozes
  4 orcs
  4 giant cockroaches
  7 goblins
  4 hobgoblins (D:2)
  2 jackals (D:3)
  3 quokkas (D:5)
  A bat (D:2)
  2 frilled lizards
  5 rats
68 creatures vanquished.

Vanquished Creatures (collateral kills)
  The ghost of Ratty the Fighter, a novice CeMo of Okawaru (D:6)
  Blork the orc (D:6)
  An iguana (D:7)
  A hound zombie (D:5)
  An adder (D:4)
5 creatures vanquished.

Grand Total: 73 creatures vanquished

Notes
Turn   | Place    | Note
-------+----------+-------------------------------------------
     0 | D:1      | tidbits the Gnoll Transmuter began the quest for the Orb.
     0 | D:1      | Reached XP level 1. HP: 17/17 MP: 6/6
     0 | D:1      | Noticed a centaur
     1 | D:1      | Noticed a vampire
     6 | D:1      | Noticed a spriggan
     7 | D:1      | Noticed a minotaur
     8 | D:1      | Noticed an ogre
    10 | D:1      | Noticed a spriggan
    12 | D:1      | Noticed a spriggan
    14 | D:1      | Noticed an ogre
    14 | D:1      | Noticed a naga
    16 | D:1      | Noticed a vine stalker
    18 | D:1      | Noticed a human
    18 | D:1      | Noticed a minotaur
    20 | D:1      | Noticed a human
    59 | D:2      | Noticed Jessica
    65 | D:2      | Killed Jessica
    65 | D:2      | Reached skill level 5 in Spellcasting
    65 | D:2      | Reached XP level 2. HP: 23/23 MP: 6/8
    65 | D:2      | Reached XP level 3. HP: 28/28 MP: 6/9
    66 | D:2      | Noticed Robin
    95 | D:2      | Learned a level 2 spell: Sticks to Snakes
   102 | D:2      | Learned a level 3 spell: Spider Form
   115 | D:2      | Killed Robin
   115 | D:2      | Reached skill level 1 in Invocations
   151 | D:1      | Reached skill level 1 in Short Blades
   151 | D:1      | Reached skill level 1 in Long Blades
   151 | D:1      | Reached skill level 1 in Axes
   151 | D:1      | Reached skill level 1 in Maces & Flails
   151 | D:1      | Reached skill level 1 in Polearms
   151 | D:1      | Reached skill level 1 in Staves
   151 | D:1      | Reached skill level 1 in Slings
   151 | D:1      | Reached skill level 1 in Bows
   151 | D:1      | Reached skill level 1 in Crossbows
   151 | D:1      | Reached skill level 1 in Throwing
   151 | D:1      | Reached skill level 1 in Armour
   151 | D:1      | Reached skill level 1 in Stealth
   151 | D:1      | Reached skill level 1 in Shields
   151 | D:1      | Reached skill level 1 in Evocations
   182 | D:2      | Reached XP level 4. HP: 29/34 MP: 7/11
   321 | D:3      | Reached skill level 1 in Conjurations
   321 | D:3      | Reached skill level 1 in Hexes
   321 | D:3      | Reached skill level 1 in Charms
   321 | D:3      | Reached skill level 1 in Summonings
   321 | D:3      | Reached skill level 1 in Necromancy
   321 | D:3      | Reached skill level 1 in Translocations
   321 | D:3      | Reached skill level 1 in Fire Magic
   321 | D:3      | Reached skill level 1 in Ice Magic
   321 | D:3      | Reached skill level 1 in Air Magic
   321 | D:3      | Reached skill level 1 in Earth Magic
   321 | D:3      | Reached skill level 1 in Poison Magic
   335 | D:3      | Reached XP level 5. HP: 21/40 MP: 8/12
   397 | D:3      | Found a basalt altar of Yredelemnul.
   546 | D:5      | Entered Level 5 of the Dungeon
   570 | D:5      | Noticed Duvessa
   570 | D:5      | Noticed Dowan
   578 | D:5      | Killed Duvessa
   578 | D:5      | Reached skill level 3 in Fighting
   578 | D:5      | Reached skill level 4 in Transmutations
   578 | D:5      | Reached XP level 6. HP: 40/47 MP: 9/13
   583 | D:5      | Killed Dowan
   583 | D:5      | Reached skill level 2 in Invocations
   617 | D:4      | Reached skill level 5 in Dodging
   626 | D:5      | Found an opulent altar of Gozag.
   633 | D:5      | Reached skill level 2 in Short Blades
   633 | D:5      | Reached skill level 2 in Long Blades
   633 | D:5      | Reached skill level 2 in Axes
   633 | D:5      | Reached skill level 2 in Maces & Flails
   633 | D:5      | Reached skill level 2 in Polearms
   633 | D:5      | Reached skill level 2 in Staves
   633 | D:5      | Reached skill level 2 in Slings
   633 | D:5      | Reached skill level 2 in Bows
   633 | D:5      | Reached skill level 2 in Crossbows
   633 | D:5      | Reached skill level 2 in Throwing
   633 | D:5      | Reached skill level 2 in Armour
   633 | D:5      | Reached skill level 2 in Stealth
   633 | D:5      | Reached skill level 2 in Shields
   633 | D:5      | Reached skill level 2 in Evocations
   700 | D:6      | Noticed a necrophage
   707 | D:6      | Killed a necrophage
   707 | D:6      | Reached XP level 7. HP: 52/52 MP: 9/15
   711 | D:6      | Noticed Menkaure
   724 | D:6      | Killed Menkaure
   724 | D:6      | Reached skill level 7 in Unarmed Combat
   774 | D:5      | Reached skill level 2 in Conjurations
   774 | D:5      | Reached skill level 2 in Hexes
   774 | D:5      | Reached skill level 2 in Charms
   774 | D:5      | Reached skill level 2 in Summonings
   774 | D:5      | Reached skill level 2 in Necromancy
   774 | D:5      | Reached skill level 2 in Translocations
   774 | D:5      | Reached skill level 2 in Fire Magic
   774 | D:5      | Reached skill level 2 in Ice Magic
   774 | D:5      | Reached skill level 2 in Air Magic
   774 | D:5      | Reached skill level 2 in Earth Magic
   774 | D:5      | Reached skill level 2 in Poison Magic
   801 | D:6      | Learned a level 4 spell: Ice Form
   807 | D:6      | Learned a level 5 spell: Blade Hands
   832 | D:6      | Noticed Edmund
   855 | D:6      | Killed Edmund
   877 | D:5      | Found an ornate altar of the Wu Jian Council.
   893 | D:5      | Noticed Grinder
   902 | D:5      | Paralysed by Grinder for 4 turns
   926 | D:5      | Killed Grinder
   926 | D:5      | Reached skill level 3 in Invocations
   926 | D:5      | Reached XP level 8. HP: 12/60 MP: 2/16
   951 | D:5      | Reached skill level 4 in Fighting
   951 | D:5      | Reached skill level 3 in Short Blades
   951 | D:5      | Reached skill level 3 in Long Blades
   951 | D:5      | Reached skill level 3 in Axes
   951 | D:5      | Reached skill level 3 in Maces & Flails
   951 | D:5      | Reached skill level 3 in Polearms
   951 | D:5      | Reached skill level 3 in Staves
   951 | D:5      | Reached skill level 3 in Slings
   951 | D:5      | Reached skill level 3 in Bows
   951 | D:5      | Reached skill level 3 in Crossbows
   951 | D:5      | Reached skill level 3 in Throwing
   951 | D:5      | Reached skill level 3 in Armour
   951 | D:5      | Reached skill level 3 in Stealth
   951 | D:5      | Reached skill level 3 in Shields
   951 | D:5      | Reached skill level 3 in Evocations
  1065 | D:6      | Noticed Ratty's ghost (novice CeMo)
  1075 | D:6      | Noticed Blork the orc
  1075 | D:6      | HP: 5/60 [Ratty's ghost (6)]
  1076 | D:6      | Killed Ratty's ghost
  1076 | D:6      | Reached skill level 6 in Spellcasting
  1088 | D:6      | Killed Blork the orc
  1088 | D:6      | Reached skill level 4 in Invocations
  1134 | D:6      | Gained mutation: You are frail. (-10% HP) [potion of mutation]
  1134 | D:6      | Gained mutation: Your body sometimes deteriorates upon taking damage. [potion of mutation]
  1134 | D:6      | Gained mutation: You are resistant to hostile enchantments. (MR+) [potion of mutation]
  1134 | D:6      | Gained mutation: You are highly resistant to hostile enchantments. (MR++) [potion of mutation]
  1156 | D:7      | Reached skill level 3 in Conjurations
  1156 | D:7      | Reached skill level 3 in Hexes
  1156 | D:7      | Reached skill level 3 in Charms
  1156 | D:7      | Reached skill level 3 in Summonings
  1156 | D:7      | Reached skill level 3 in Necromancy
  1156 | D:7      | Reached skill level 3 in Translocations
  1156 | D:7      | Reached skill level 3 in Fire Magic
  1156 | D:7      | Reached skill level 3 in Ice Magic
  1156 | D:7      | Reached skill level 3 in Air Magic
  1156 | D:7      | Reached skill level 3 in Earth Magic
  1156 | D:7      | Reached skill level 3 in Poison Magic
  1197 | D:7      | Reached skill level 6 in Dodging
  1197 | D:7      | Reached XP level 9. HP: 18/59 MP: 15/18
  1368 | D:6      | Found Riprow's General Store.
  1370 | D:6      | Noticed Pikel
  1383 | D:6      | Killed Pikel
  1383 | D:6      | Reached skill level 4 in Short Blades
  1383 | D:6      | Reached skill level 4 in Long Blades
  1383 | D:6      | Reached skill level 4 in Axes
  1383 | D:6      | Reached skill level 4 in Maces & Flails
  1383 | D:6      | Reached skill level 4 in Polearms
  1383 | D:6      | Reached skill level 4 in Staves
  1383 | D:6      | Reached skill level 4 in Slings
  1383 | D:6      | Reached skill level 4 in Bows
  1383 | D:6      | Reached skill level 4 in Crossbows
  1383 | D:6      | Reached skill level 4 in Throwing
  1383 | D:6      | Reached skill level 4 in Armour
  1383 | D:6      | Reached skill level 4 in Stealth
  1383 | D:6      | Reached skill level 4 in Shields
  1383 | D:6      | Reached skill level 5 in Transmutations
  1383 | D:6      | Reached skill level 4 in Evocations
  1403 | D:6      | Bought a potion of curing for 36 gold pieces
  1403 | D:6      | Bought a potion of ambrosia for 96 gold pieces
  1483 | D:5      | Quit the game

Skill      XL: |  1  2  3  4  5  6  7  8  9 |
---------------+----------------------------+-----
Spellcasting   | 5 6 |  6.5
Invocations    | 1 2 3 4 |  4.5
Short Blades   | 1 2 3 4 |  4.0
Long Blades    | 1 2 3 4 |  4.0
Axes           | 1 2 3 4 |  4.0
Maces & Flails | 1 2 3 4 |  4.0
Polearms       | 1 2 3 4 |  4.0
Staves         | 1 2 3 4 |  4.0
Slings         | 1 2 3 4 |  4.0
Bows           | 1 2 3 4 |  4.0
Crossbows      | 1 2 3 4 |  4.0
Throwing       | 1 2 3 4 |  4.0
Armour         | 1 2 3 4 |  4.0
Stealth        | 1 2 3 4 |  4.0
Shields        | 1 2 3 4 |  4.0
Evocations     | 1 2 3 4 |  4.0
Conjurations   | 1 2 3 |  3.3
Hexes          | 1 2 3 |  3.3
Charms         | 1 2 3 |  3.3
Summonings     | 1 2 3 |  3.3
Necromancy     | 1 2 3 |  3.3
Translocations | 1 2 3 |  3.3
Fire Magic     | 1 2 3 |  3.3
Ice Magic      | 1 2 3 |  3.3
Air Magic      | 1 2 3 |  3.3
Earth Magic    | 1 2 3 |  3.3
Poison Magic   | 1 2 3 |  3.3
Fighting       | 3 4 |  4.9
Transmutations | 4 5 |  5.1
Dodging        | 5 6 |  6.2
Unarmed Combat | 7 |  7.8

Action                   |  1- 3 |  4- 6 |  7- 9 || total
-------------------------+-------+-------+-------++-------
Melee: Unarmed           |    32 |    54 |   114 ||   200
       Kick              |     3 |       |       ||     3
       Bite              |     2 |       |       ||     2
       Dagger            |       |     2 |    10 ||    12
       Punch             |       |       |     2 ||     2
Throw: Stone             |     1 |       |       ||     1
 Cast: Beastly Appendage |     5 |       |       ||     5
       Spider Form       |     3 |    10 |    11 ||    24
       Sticks to Snakes  |       |     7 |    14 ||    21
       Blade Hands       |       |       |     1 ||     1
 Abil: End Transformatio |     1 |       |     2 ||     3
Evoke: Wand              |       |       |     7 ||     7
  Use: Scroll            |       |     5 |     7 ||    12
       Potion            |       |       |     4 ||     4
 Stab: Sleeping          |       |     1 |     1 ||     2
       Distracted        |       |       |     2 ||     2
       Confused          |       |       |     1 ||     1
  Eat: Ration            |       |     1 |     2 ||     3
Armor: Robe              |     2 |       |     2 ||     4
       Skin              |     1 |       |     5 ||     6
Dodge: Dodged            |    13 |    42 |    88 ||   143
Block: Buckler           |       |       |     2 ||     2

Table legend:
 A = Turns spent in this place as a percentage of turns spent in the entire game.
 B = Non-inter-level travel turns spent in this place as a percentage of non-inter-level travel turns spent in the entire game.
 C = Inter-level travel turns spent in this place as a percentage of turns spent in this place.
 D = Turns resting spent in this place as a percentage of non-inter-level travel turns spent in this place.
 E = Turns spent auto-exploring this place as a percentage of non-inter-level travel turns spent in this place.
 F = Non-inter-level travel turns spent in this place divided by the number of levels of this place that you've seen.
                   A       B       C       D       E      F
               +-------+-------+-------+-------+-------+----------------------
         Total | 100.0 | 100.0 |   0.0 |   0.0 |   0.0 | 211.9
       Dungeon | 100.0 | 100.0 |   0.0 |   0.0 |   0.0 | 211.9
               +-------+-------+-------+-------+-------+----------------------

Table legend:
 A = Kills in this place as a percentage of kills in entire the game.
 B = Kills by you in this place as a percentage of kills by you in the entire game.
 C = Kills by friends in this place as a percentage of kills by friends in the entire game.
 D = Other kills in this place as a percentage of other kills in the entire game.
 E = Experience gained in this place as a percentage of experience gained in the entire game.
 F = Experience gained in this place divided by the number of levels of this place that you have seen.
                   A       B       C       D       E      F
               +-------+-------+-------+-------+-------+----------------------
         Total | 100.0 | 100.0 | 100.0 |   N/A | 100.0 | 446.9
       Dungeon | 100.0 | 100.0 | 100.0 |   N/A | 100.0 | 446.9
               +-------+-------+-------+-------+-------+----------------------

Vault maps used:
D:1:      shiori_arrival_whats_in_store_for_you
D:2:      uniq_sigmund, uniq_terence, uniq_jessica, uniq_robin
D:3:      lemuel_round_altar, overflow_temple_1_default, first_ration,
          item_on_display_a
D:4:      kennysheep_little_box
D:5:      lemuel_ratsnest, kennysheep_mini, old_standard_altar,
          okawaru_ov_weapons_minmay, nicolae_gozag_seed_capital, minivault_25,
          uniq_duvessa, uniq_grinder
D:6:      serial_shops, shop, uniq_eustachio, uniq_pikel, uniq_blork_the_orc,
          uniq_menkaure, uniq_edmund
D:7:      old_standard_altar, lightli_temple_of_fire,
          minmay_temple_entry_enclosed_plants, basic_altar
